 Dungeon Sprint DCSS version 0.19.4-9-g45fd643 (webtiles) character file.

1642 equalderp2856 the Ripper (level 8, -4/40 HPs)
             Began as a Felid Fighter on Feb 19, 2017.
             Was an Initiate of Gozag.
             Slain by a phantasmal warrior (28 damage)
             ... in the Dungeon (Sprint VII: "The Pits").
             The game lasted 00:08:50 (2947 turns).

equalderp2856 the Ripper (Felid Fighter)            Turns: 2947, Time: 00:08:51

Health: -4/40      AC:  2    Str: 13    XL:     8   Next: 67%
Magic:  9/9        EV: 28    Int: 11    God:    Gozag
Gold:   2430       SH:  0    Dex: 16    Spells: 0 memorised, 7 levels left
                                        Lives:  0   Deaths: 2

rFire  . . .     SeeInvis +       - Unarmed
rCold  . . .     Gourm    .     (armour unavailable)
rNeg   . . .     Faith    .     (shield unavailable)
rPois  .         Spirit   .     (helmet unavailable)
rElec  .         Reflect  .     (cloak unavailable)
rCorr  .         Harm     .     (gloves unavailable)
MR     +....     NoTele   +     (boots unavailable)
Stlth  ++++++....               (no amulet)
                                (no ring)
                                (no ring)

@: quick
A: no armour, no weapons or thrown items, stealth, claws 1, fangs 3, see
invisible, carnivore 3, speed 1, shaggy fur 2, slow metabolism 1, sharp paws
a: Potion Petition, Call Merchant, Bribe Branch, Renounce Religion


You were in the Dungeon.
You worshipped Gozag.
Gozag was most pleased with you.
You were not hungry.

You visited 1 branch You collected 2430 gold pieces.

Inventory:

Jewellery
 e - a +3 ring of protection
 m - a +3 ring of dexterity
Scrolls
 h - a scroll of blinking
 j - 3 scrolls of remove curse
 k - 5 scrolls of amnesia
 l - a scroll of summoning
Potions
 a - a potion of might
 c - 7 potions of curing
 d - 8 potions of heal wounds
 f - 4 potions of magic
 g - 2 potions of berserk rage
 i - 2 potions of invisibility
 n - a potion of haste
 o - a potion of brilliance
 p - 2 potions of cure mutation
Comestibles
 b - 7 meat rations


   Skills:
 + Level 7.9 Fighting
 + Level 12.3 Dodging
 + Level 14.6 Stealth
 + Level 15.5 Unarmed Combat


You had 7 spell levels left.
You didn't know any spells.

Dungeon Overview and Level Annotations

Branches:
Dungeon (1/1)

Altars:
Ashenzari
Cheibriados
Dithmenos
Elyvilon
Fedhas
Gozag
Hepliaklqana
Kikubaaqudgha
Makhleb
Nemelex Xobeh
Okawaru
Qazlal
Ru
Sif Muna
Trog
Uskayaw
Vehumet
Xom
Yredelemnul
Zin
The Shining One
Beogh
Jiyva
Lugonu

Annotations:
D Sigmund


Innate Abilities, Weirdness & Mutations

You cannot wear armour.
You are incapable of wielding weapons or throwing items.
Your paws allow you to move quietly. (Stealth)
You have sharp claws.
You have razor-sharp teeth.
You have supernaturally acute eyesight. (SInv)
You are carnivorous and can eat meat at any time.
You cover ground quickly.
You are covered in thick fur. (AC +2)
You have a slow metabolism.
Your sharp claws are effective at attacking unaware monsters.


Message History

There is a huge open gate to the Metal Vault (Medium) here.
The phantasmal warrior blinks!
The phantasmal warrior blinks!
The phantasmal warrior blinks!
The dream sheep shake their wool and sparkle.
You feel drowsy...
You fall asleep.
The dream sheep bites you.
You wake up.
The phantasmal warrior blinks!
There is an open door to the Storerooms (Easy) here.
Things that are here:
a short sword; a ring mail The phantasmal warrior blinks!
You see here a club.
The phantasmal warrior blinks!
The dream sheep shake their wool and sparkle.
You feel drowsy...
You fall asleep.
The phantasmal warrior hits you!!
You wake up.
Ouch! That really hurt!
You die...
Your body crumbles into a pile of gold.

#..############
#############..............
#____o_____##..............
#__________###########''###
#____#####'###########''###
######)))#.##..............
#%?(.')))'.##......#..#....
##########.##..§..§........
#.......§W@Y)Y.YY.....W....
#'#####'#####Y.Y...#Y.#....
#.#..#.)#..##..............
#.#..').'.)#####'#####''###
#.##.####.###.......##''###
#.#........##.......##YY...
#.#........##.......##..)..
#.#####'#####...<...###....
#)#..[)))..##.......# ##$'#


You could see a phantasmal warrior and 6 dream sheep.

Vanquished Creatures
  Erica (D)
  An unseen horror (D)
  A deep elf mage (D)
  A freezing wraith (D)
  A hellwing (D)
  A dream sheep (D)
  A fire bat (D)
  A warg (D)
  3 orc warriors (D)
  A crocodile (D)
  A wolf (D)
  A jelly (D)
  A crimson imp (D)
  An orc priest (D)
  2 orc wizards (D)
  2 gnolls (D)
  An ufetubus (D)
  A worm (D)
  6 orcs (D)
  A giant cockroach (D)
  A goblin (D)
  7 jackals (D)
  A kobold (D)
  A bat (D)
  A frilled lizard (D)
  2 leopard gecko skeletons (D)
42 creatures vanquished.

Notes
Turn   | Place    | Note
-------+----------+-------------------------------------------
     0 | D        | equalderp2856 the Felid Fighter began the quest for the Orb.
     0 | D        | Reached XP level 1. HP: 10/10 MP: 2/2
    44 | D        | Found a radiant altar of Vehumet.
    44 | D        | Found a hide-covered altar of Uskayaw.
    44 | D        | Found an ancient bone altar of Kikubaaqudgha.
    44 | D        | Found a viscous altar of Jiyva.
    44 | D        | Found a hazy altar of Hepliaklqana.
    45 | D        | Found a bloodstained altar of Trog.
    45 | D        | Found a deep blue altar of Sif Muna.
    45 | D        | Found a sacrificial altar of Ru.
    45 | D        | Found a stormy altar of Qazlal.
    45 | D        | Found an iron altar of Okawaru.
    45 | D        | Found a sparkling altar of Nemelex Xobeh.
    45 | D        | Found an opulent altar of Gozag.
    45 | D        | Found a blossoming altar of Fedhas.
    45 | D        | Found a white marble altar of Elyvilon.
    45 | D        | Found a shadowy altar of Dithmenos.
    45 | D        | Found a snail-covered altar of Cheibriados.
    46 | D        | Found a glowing golden altar of the Shining One.
    46 | D        | Found a glowing silver altar of Zin.
    47 | D        | Found a burning altar of Makhleb.
    47 | D        | Found a basalt altar of Yredelemnul.
    47 | D        | Found a roughly hewn altar of Beogh.
    48 | D        | Found a corrupted altar of Lugonu.
    48 | D        | Found a shimmering altar of Xom.
    48 | D        | Found a shattered altar of Ashenzari.
    55 | D        | Became a worshipper of Gozag Ym Sagoz the Greedy
    80 | D        | Reached skill level 1 in Stealth
    80 | D        | Reached skill level 5 in Unarmed Combat
    80 | D        | Reached XP level 2. HP: 15/15 MP: 3/3
   387 | D        | Noticed a warg
   885 | D        | Noticed a wolf
   902 | D        | Killed a wolf
   902 | D        | Reached skill level 7 in Unarmed Combat
   902 | D        | Reached XP level 3. HP: 19/19 MP: 4/4
   902 | D        | Reached XP level 4. HP: 22/22 MP: 5/5
   909 | D        | Reached skill level 5 in Fighting
   909 | D        | Reached skill level 5 in Stealth
   909 | D        | Reached skill level 8 in Unarmed Combat
   909 | D        | Reached XP level 5. HP: 22/26 MP: 6/6
   920 | D        | Splashed by a jelly's acid
   921 | D        | Reached XP level 4. HP: -5/23 MP: 5/5
  1103 | D        | Reached skill level 9 in Unarmed Combat
  1217 | D        | Noticed Erica
  1220 | D        | Killed Erica
  1220 | D        | Reached skill level 10 in Dodging
  1220 | D        | Reached skill level 10 in Stealth
  1220 | D        | Reached skill level 12 in Unarmed Combat
  1220 | D        | Reached XP level 5. HP: 28/28 MP: 6/6
  1220 | D        | Gained mutation: You are covered in thick fur. (AC +2) [Felid growth]
  1220 | D        | Reached XP level 6. HP: 31/31 MP: 7/7
  1220 | D        | Reached XP level 7. HP: 35/35 MP: 8/8
  1252 | D        | Noticed an unseen horror
  1297 | D        | Killed an unseen horror
  1297 | D        | Reached skill level 13 in Unarmed Combat
  1297 | D        | Reached XP level 8. HP: 33/40 MP: 9/9
  1626 | D        | Noticed a deep elf mage
  1626 | D        | Noticed a two-headed ogre
  1653 | D        | Killed a deep elf mage
  1653 | D        | Reached skill level 14 in Unarmed Combat
  1653 | D        | Reached XP level 9. HP: 41/43 MP: 10/10
  1840 | D        | Noticed an orc knight
  1841 | D        | Noticed a hellwing
  1904 | D        | Killed a hellwing
  1904 | D        | Reached skill level 15 in Unarmed Combat
  2271 | D        | Noticed Sigmund
  2273 | D        | Noticed a freezing wraith
  2296 | D        | Killed a freezing wraith
  2873 | D        | Mangled by an orc knight
  2874 | D        | Reached XP level 8. HP: -10/40 MP: 9/9
  2904 | D        | Noticed a dream sheep
  2905 | D        | Noticed a dream sheep
  2905 | D        | Noticed a dream sheep
  2905 | D        | Noticed a dream sheep
  2905 | D        | Noticed a phantasmal warrior
  2906 | D        | Noticed a dream sheep
  2906 | D        | Noticed a dream sheep
  2906 | D        | Noticed a dream sheep
  2919 | D        | Killed a dream sheep
  2947 | D        | Slain by a phantasmal warrior

Skill      XL: |  1  2  3  4  5  6  7  8  9 |
---------------+----------------------------+-----
Stealth        | 1 4 10 12 13 14 | 14.6
Unarmed Combat | 5 7 12 13 14 15 | 15.5
Fighting       | 4 6 7 |  7.9
Dodging        | 6 10 11 12 | 12.3

Action                   |  1- 3 |  4- 6 |  7- 9 || total
-------------------------+-------+-------+-------++-------
Melee: Unarmed           |    38 |    21 |    81 ||   140
       Bite              |     4 |     3 |    11 ||    18
       Punch             |     1 |     1 |     6 ||     8
  Use: Potion            |     3 |     1 |     1 ||     5
 Stab: Sleeping          |     4 |     2 |     3 ||     9
       Distracted        |       |       |     2 ||     2
  Eat: Meat ration       |       |       |     1 ||     1
Armor: Skin              |     3 |       |     1 ||     4
Dodge: Dodged            |    57 |    12 |    80 ||   149
